 Dungeon Crawl Stone Soup version 0.31-a0-949-g57150269e1 (webtiles) character file.

Game seed: 15860207473927283573

2037 timneilson the Shield-Bearer (level 9, -2/54 HPs)
             Began as a Gargoyle Fighter on Oct 22, 2023.
             Was a Follower of Okawaru.
             Killed from afar by a steam dragon (12 damage)
             ... with a ball of steam
             ... on level 5 of the Dungeon.
             The game lasted 00:13:42 (6206 turns).

timneilson the Shield-Bearer (Gargoyle Fighter)     Turns: 6206, Time: 00:13:42

Health: -2/54      AC: 19    Str: 20    XL:     9   Next: 24%
Magic:  10/10      EV:  9    Int:  9    God:    Okawaru [*.....]
Gold:   333        SH:  6    Dex: 13    Spells: 8/8 levels left

rFire   . . .        a - +1 long sword
rCold   . . .        c - +1 buckler
rNeg    + . .        g - +0 chain mail
rPois   ∞            q - +0 helmet
rElec   +            p - +0 cloak
rCorr   .            (no gloves)
SInv    .            (no boots)
Will    .....        (no amulet) Stlth
                     h - ring of flight
HPRegen 0.29/turn    (no ring)
MPRegen 0.12/turn

%: no passive effects
@: flying
A: sickness immunity, AC +6, negative energy resistance 1, electricity
resistance, torment resistance 1, petrification resistance
a: Renounce Religion, Heroism


You were on level 5 of the Dungeon.
You worshipped Okawaru.
Okawaru was aware of your devotion.
You visited 2 branches of the dungeon, and saw 7 of its levels.

You collected 333 gold pieces.

Inventory:

Hand Weapons
 a - a +1 long sword (weapon)
 v - a +1 hand axe of flaming
Armour
 c - a +1 buckler (worn)
 g - a +0 chain mail (worn)
 n - a +0 plate armour
 p - a +0 cloak (worn)
 q - a +0 helmet (worn)
Jewellery
 h - a ring of flight (left hand)
Wands
 d - a wand of mindburst (8)
 l - a wand of roots (13)
Scrolls
 b - 2 scrolls of poison
 e - 2 scrolls of teleportation
 f - a scroll of enchant weapon
 j - 4 scrolls of vulnerability
 m - 2 scrolls of enchant armour
 w - a scroll of silence
Potions
 i - 2 potions of attraction
 k - a potion of brilliance {unknown}
 o - 2 potions of mutation
 r - 2 potions of resistance
 u - a potion of ambrosia {unknown}


   Skills:
 + Level 5.4 Fighting
 * Level 5.3 Long Blades
 * Level 6.9 Armour
 + Level 2.8 Dodging
 * Level 6.9 Shields
 + Level 2.3 Invocations
 + Level 2.6 Evocations


You had 8 spell levels left.
You didn't know any spells.
Your spell library contained the following spells:

 Spells                   Type           Power      Damage    Failure   Level
 Gell's Gravitas          Tloc           0%         N/A       100%        3
 Hailstorm                Conj/Ice       0%         3d3       100%        3
 Teleport Other           Tloc           0%         N/A       100%        3
 Dispersal                Tloc           0%         N/A       100%        6
 Summon Ice Beast         Ice/Summ       Unusable   N/A       N/A         4
 Simulacrum               Ice/Necr       Unusable   N/A       N/A         6

Dungeon Overview and Level Annotations

Branches:
Dungeon (6/15)             Temple (1/1) D:5

Altars:
Ashenzari
Cheibriados
Dithmenos
Elyvilon
Fedhas
Gozag
Hepliaklqana
Kikubaaqudgha
Makhleb
Nemelex Xobeh
Okawaru
Qazlal
Ru
Sif Muna
Trog
Uskayaw
Vehumet
Wu Jian
Xom
Yredelemnul
Zin
The Shining One

Shops:
D:1 (


Innate Abilities, Weirdness & Mutations

You are immune to sickness and miasma.
Your stone body is resilient. (AC +6)
You are immune to poison.
You resist negative energy. (rN+)
You are resistant to electric shocks. (rElec)
You are resistant to unholy torment.
You are immune to petrification.


Message History

The steam dragon breathes steam at you.
The ball of steam hits you but does no damage.
The steam dragon barely misses you.
The steam dragon claws you but does no damage.
You hit the steam dragon.
The steam dragon is almost dead.
You are engulfed in a cloud of scalding steam.
The steam dragon bites you but does no damage.
The steam dragon claws you but does no damage.
You hit the steam dragon but do no damage.
The steam dragon is almost dead.
You are engulfed in a cloud of scalding steam.
The steam dragon bites you but does no damage.
The steam dragon barely misses you.
You closely miss the steam dragon.
The steam dragon is almost dead.
You are engulfed in a cloud of scalding steam.
The steam dragon breathes steam at you. The ball of steam hits you!
* * * LOW HITPOINT WARNING * * *
You closely miss the steam dragon.
The steam dragon is almost dead.
You are engulfed in a cloud of scalding steam.
The steam dragon bites you but does no damage.
The steam dragon claws you but does no damage.
Unknown command.
Okay, then.
You closely miss the steam dragon.
The steam dragon is almost dead.
The steam dragon bites you but does no damage.
You block the steam dragon's attack.
You closely miss the steam dragon.
The steam dragon is almost dead.
The steam dragon barely misses you.
The steam dragon claws you but does no damage.
You hit the steam dragon.
The steam dragon is almost dead.
The steam dragon breathes steam at you. The ball of steam hits you!
You die...

....................###...#......
.............<.............######
................#.######.......##
#######...........#########......
### #..>....###.........#..####
..###########..............).....
#...........................)....
#############......).............
#..D@.....#..##.....#
#.........##.##.....#
#.<.......##........#
###############.....# #...###
#...# #####


You could see a steam dragon (catching breath).

Vanquished Creatures
  A sky beast (D:5)
  An ice beast (D:4)
  4 black bears
  3 ogres (D:5)
  3 scorpions
  4 killer bees (D:5)
  A howler monkey (D:3)
  3 hounds (D:5)
  A gnoll bouda (D:5)
  3 orc priests
  A sleepcap (D:4)
  3 orc wizards
  3 iguanas (D:5)
  Robin (D:3)
  13 adders
  14 gnolls
  4 ufetubi
  3 worms (D:2)
  A dart slug (D:2)
  23 orcs
  9 endoplasms
  5 giant cockroaches
  14 goblins
  12 hobgoblins
  3 jackals
  5 kobolds
  6 quokkas
  10 ball pythons
  5 bats
  5 frilled lizards
  6 rats
  A spectral hobgoblin (D:4)
171 creatures vanquished.

Vanquished Creatures (others)
  An orc wizard (D:3)
1 creature vanquished.

Grand Total: 172 creatures vanquished

Notes
Turn   | Place    | Note
-------+----------+-------------------------------------------
     0 | D:1      | timneilson the Gargoyle Fighter began the quest for the
                  | Orb.
     0 | D:1      | Reached XP level 1. HP: 14/14 MP: 1/1
   142 | D:1      | Reached XP level 2. HP: 14/19 MP: 2/2
   430 | D:1      | Found Qupur's Antique Weapon Shop.
   729 | D:1      | Reached XP level 3. HP: 21/23 MP: 3/3
  1191 | D:2      | Reached XP level 4. HP: 28/28 MP: 4/4
  1374 | D:2      | Reached XP level 5. HP: 33/33 MP: 5/5
  1521 | D:2      | Reached skill level 1 in Dodging
  2139 | D:2      | Reached XP level 6. HP: 23/38 MP: 6/6
  2299 | D:3      | Found a faded altar of an unknown god.
  2332 | D:3      | Noticed Robin
  2362 | D:3      | Killed Robin
  3320 | D:4      | Reached skill level 5 in Armour
  3320 | D:4      | Reached skill level 5 in Shields
  3338 | D:4      | Reached XP level 7. HP: 24/43 MP: 7/7
  3514 | D:4      | Found a hazy altar of Hepliaklqana.
  3643 | D:4      | Found an ornate altar of the Wu Jian Council.
  3650 | D:4      | Found a shimmering blue altar of Sif Muna.
  3670 | D:4      | Reached skill level 1 in Evocations
  3982 | D:4      | Found a hide-covered altar of Uskayaw.
  4202 | D:4      | Found a basalt altar of Yredelemnul.
  4243 | D:5      | Entered Level 5 of the Dungeon
  4289 | D:5      | HP: 1/44 [ogre/+0 giant club (11)]
  4293 | D:5      | Reached XP level 8. HP: 3/48 MP: 8/8
  4385 | D:5      | Found a staircase to the Ecumenical Temple.
  4401 | Temple   | Entered the Ecumenical Temple
  4409 | Temple   | Became a worshipper of Warmaster Okawaru
  4454 | D:5      | Noticed an angel
  4511 | D:4      | HP: 2/48 [scorpion (4)]
  4865 | D:5      | Found an ancient bone altar of Kikubaaqudgha.
  4865 | D:5      | Found a bloodstained altar of Trog.
  4870 | D:5      | Found a sparkling altar of Nemelex Xobeh.
  4946 | D:5      | Found a sacrificial altar of Ru.
  4951 | D:5      | Found a stormy altar of Qazlal.
  4954 | D:5      | Found a broken altar of Ashenzari.
  4969 | D:5      | Reached skill level 5 in Fighting
  5040 | D:5      | Noticed a rust devil
  5270 | D:5      | Reached skill level 1 in Invocations
  5638 | D:5      | Reached * piety under Okawaru
  5795 | D:5      | Reached skill level 5 in Long Blades
  5935 | D:5      | Reached XP level 9. HP: 49/54 MP: 10/10
  6206 | D:5      | Killed from afar by a steam dragon

Illustrated notes

Levels and vault maps discovered:
D:1:      mainiacjoe_arrival_reflecting_pool, layout_basic, serial_shops,
          shop_statue
D:2:      minmay_chambers_of_twos, layout_basic, columned_hall_lemuel,
          minmay_tetromino_i4
D:3:      layout_loops_ring, basic_ecumenical_altar, nrook_uturn, uniq_robin
D:4:      layout_cave_pods, nicolae_hepliaklqana_monster_ancestors,
          mainiacjoe_overflow_alcove_2, minitemple
D:5:      layout_rooms, nicolae_overflow_hallway_of_the_gods, temple_garden
D:6:      layout_rooms, dreamdust_gnoll_farm
Temple:   bh_familiar_temple

Skill      XL: |  1  2  3  4  5  6  7  8  9 |
---------------+----------------------------+-----
Long Blades    | 2 3 4 5 |  5.3
Armour         | 4 5 6 |  6.9
Shields        | 4 5 6 |  6.9
Dodging        | 1 2 |  2.8
Fighting       | 4 5 |  5.4
Evocations     | 1 2 |  2.6
Invocations    | 1 2 |  2.3

Action                     |  1- 3 |  4- 6 |  7- 9 || total
---------------------------+-------+-------+-------++-------
  Melee: Long sword        |   106 |   329 |   399 ||   834
  Evoke: Wand              |       |       |     2 ||     2
    Use: Scroll            |     4 |     7 |     3 ||    14
         Potion            |       |     4 |     4 ||     8
 Armour: Scale mail        |    34 |       |       ||    34
         Chain mail        |    42 |   278 |   530 ||   850
  Dodge: Dodged            |    54 |   125 |   196 ||   375
  Block: Buckler           |    32 |    90 |   185 ||   307

Table legend: (Time is in decaauts)
 A = Elapsed time spent in this place.
 B = Non-inter-level travel time spent in this place.
 C = Inter-level travel time spent in this place.
 D = Time resting spent in this place.
 E = Time spent auto-exploring this place.
 F = Levels seen in this place.
 G = Mean time per level.
                   A        B        C        D        E       F      G
               +--------+--------+--------+--------+--------+-----+--------+
         Total |   6414 |   6301 |    113 |    985 |   3249 |   7 |  916.3 |
       Dungeon |   6401 |   6292 |    109 |    985 |   3249 |   6 | 1066.8 |
        Temple |     13 |      9 |      4 |      0 |      0 |   1 |   13.0 |
               +--------+--------+--------+--------+--------+-----+--------+

Top non-repeatable levels by time:
     D:5: 1508 daAuts
     D:4: 1374 daAuts
     D:3: 1166 daAuts
     D:2: 1089 daAuts
     D:1: 1011 daAuts
     D:6: 251 daAuts
  Temple: 13 daAuts
